 Dungeon Crawl Stone Soup version 0.30-a0-946-gec5dcfc036 (webtiles) character file.

Game seed: 369734553104803107

983 Dirian the Chopper (level 7, -7/61 HPs)
             Began as a Minotaur Fighter on Mar 26, 2023.
             Killed from afar by Dowan (10 damage)
             ... with a stone arrow
             ... on level 5 of the Dungeon.
             The game lasted 00:05:57 (3815 turns).

Dirian the Chopper (Minotaur Fighter)               Turns: 3815, Time: 00:05:59

Health: -7/61      AC:  8    Str: 23      XL:     7   Next: 96%
Magic:  6/6        EV:  9    Int:  4 (5)  God:
Gold:   182        SH:  4    Dex:  9      Spells: 6/6 levels left

rFire   . . .      SeeInvis .    a - +0 war axe
rCold   . . .      Faith    .    c - +0 buckler
rNeg    . . .      Spirit   .    b - +0 scale mail
rPois   .          Reflect  .    (helmet restricted)
rElec   .          Rampage  .    (no cloak)
rCorr   .                        h - +0 pair of gloves
Will    .....                    (no boots) Stlth
                                 (no amulet)
HPRegen 0.30/turn                (no ring)
MPRegen 0.10/turn                (no ring)

@: no status effects
A: horns 2, retaliatory headbutt
a: no special abilities


You were on level 5 of the Dungeon.
You visited 1 branch of the dungeon, and saw 5 of its levels.

You collected 182 gold pieces.

Inventory:

Hand Weapons
 a - a +0 war axe (weapon)
 l - a +0 war axe
 r - a +0 morningstar
Missiles
 n - 9 javelins
 p - 7 boomerangs (quivered)
Armour
 b - a +0 scale mail (worn)
 c - a +0 buckler (worn)
 h - a +0 pair of gloves (worn)
 m - a +0 plate armour
 x - a +0 chain mail
Wands
 y - a wand of paralysis (10)
Scrolls
 e - a scroll of immolation {unknown}
 f - a scroll of brand weapon
 i - 2 scrolls of magic mapping
 j - 2 scrolls of silence
 k - a scroll of fog
 t - a scroll of teleportation
 v - a scroll of enchant weapon {unknown}
Potions
 d - 5 potions of might
 g - a potion of magic {unknown}
 q - a potion of curing
 s - 2 potions of attraction
 w - a potion of heal wounds


   Skills:
 + Level 5.1 Fighting
 + Level 6.6 Axes
 * Level 4.7 Throwing
 + Level 5.9 Armour
 + Level 4.9 Shields


You had 6 spell levels left.
You didn't know any spells.
Your spell library contained the following spells:

 Spells                   Type           Power      Damage    Failure   Level
 Apportation              Tloc           0%         N/A       86%         1
 Foxfire                  Conj/Fire      0%         2x1d4     86%         1
 Necrotise                Necr           0%         1d4       86%         1
 Summon Small Mammal      Summ           0%         N/A       86%         1
 Fireball                 Conj/Fire      0%         3d3       100%        5
 Starburst                Conj/Fire      0%         6d3       100%        6


Dungeon Overview and Level Annotations

Branches:
Dungeon (5/15) Zot: 26105
 Temple: D:4-7

Altars:
Cheibriados

Annotations:
D:5 Dowan


Innate Abilities, Weirdness & Mutations

You have a pair of horns on your head.
You reflexively headbutt those who attack you in melee.


Message History

You block Dowan's attack. Dowan hits you with a +0 dagger.
You slash Dowan! Your headbutt misses Dowan.
Dowan is heavily wounded.
Dowan hits you with a +0 dagger. x2
You barely miss Dowan.
Dowan is heavily wounded.
Dowan points at you and mumbles some strange words.
The stone arrow hits you!! Dowan hits you with a +0 dagger.
You hit Dowan.
Dowan is heavily wounded.
Dowan gestures wildly while chanting.
Dowan blinks!
Dowan points at you and mumbles some strange words.
The stone arrow hits you. Dowan casts a spell at you. The stone arrow hits you!
* * * LOW HITPOINT WARNING * * *
Dowan gestures wildly while chanting.
Dowan blinks!
Dowan mumbles some strange words.
Dowan blinks!
You closely miss Dowan.
Dowan is heavily wounded.
Dowan gestures at you while chanting. The stone arrow hits you!
* * * LOW HITPOINT WARNING * * *
Dowan hits you but does no damage.
You completely miss Dowan. You headbutt Dowan.
Dowan is severely wounded.
Dowan hits you but does no damage.
Dowan says, "How can I live without her?"
Dowan points at you and mumbles some strange words.
The stone arrow misses you.
You closely miss Dowan.
Dowan is severely wounded.
Dowan hits you with a +0 dagger.
* * * LOW HITPOINT WARNING * * *
Dowan points at you and mumbles some strange words.
The stone arrow hits you!
You die...

.###.....#...###..
####.#......#....#.####
##.....#.....#[....#...##
#......#......#....#....#.#
.#.....#.....###...#)....#
#......#.###.#.###.#
.#.....###.....#...##
..#.###.#......#....#.#
.###.....#.....#@....#
#.#......#......#e...#
...#..<..#.....###...#
...#......#.###.#.###.#
...#.....###.....# ##
....#.###.#......# ..
)..###.....#.....#... ###
#......#......#
.....#.....#.....###..


You could see Dowan (fast).

Vanquished Creatures
  Grinder (D:3)
  A wyvern (D:5)
  Duvessa (D:5)
  A centaur (D:5)
  A phantom (D:4)
  A scorpion (D:4)
  A jelly (D:5)
  Natasha (D:4)
  2 iguanas
  7 gnolls
  4 adders
  A shadow imp (D:5)
  An ufetubus (D:5)
  4 worms
  3 dart slugs
  7 orcs
  8 ball pythons
  2 bats
  4 endoplasms
  3 giant cockroaches
  8 goblins
  5 hobgoblins
  11 jackals
  4 kobolds
  A quokka (D:2)
  2 frilled lizards
  3 rats
88 creatures vanquished.

Notes
Turn   | Place    | Note
-------+----------+-------------------------------------------
     0 | D:1      | Dirian the Minotaur Fighter began the quest for the Orb.
     0 | D:1      | Reached XP level 1. HP: 19/19 MP: 0/0
   263 | D:1      | Reached XP level 2. HP: 27/27 MP: 1/1
   881 | D:2      | Reached XP level 3. HP: 32/33 MP: 2/2
  1077 | D:2      | Reached skill level 3 in Axes
  1704 | D:3      | Found a snail-covered altar of Cheibriados.
  1707 | D:3      | Reached XP level 4. HP: 40/40 MP: 3/3
  2010 | D:3      | Found a faded altar of an unknown god.
  2125 | D:3      | Noticed Grinder
  2148 | D:3      | Killed Grinder
  2149 | D:3      | Reached skill level 4 in Axes
  2149 | D:3      | Reached XP level 5. HP: 43/47 MP: 4/4
  2149 | D:3      | Reached XP level 6. HP: 48/53 MP: 5/5
  2667 | D:4      | Reached skill level 5 in Armour
  3177 | D:4      | Reached skill level 5 in Axes
  3177 | D:4      | Reached XP level 7. HP: 55/60 MP: 6/6
  3354 | D:4      | Noticed Natasha
  3359 | D:4      | Killed Natasha
  3566 | D:5      | Entered Level 5 of the Dungeon
  3647 | D:5      | Noticed a wyvern
  3660 | D:5      | Killed a wyvern
  3661 | D:5      | Reached skill level 5 in Fighting
  3661 | D:5      | Reached skill level 6 in Axes
  3794 | D:5      | Noticed Duvessa
  3794 | D:5      | Noticed Dowan
  3802 | D:5      | Killed Duvessa
  3815 | D:5      | HP: 3/61 [Dowan/+0 dagger (5)]
  3815 | D:5      | Killed from afar by Dowan

Illustrated notes

Levels and vault maps discovered:
D:1:      dpeg_arrival_renting, layout_basic
D:2:      layout_basic, minmay_tetromino_i4
D:3:      layout_basic, kennysheep_slug_shrine, ebering_ecumenical_altar_mist,
          nrook_mini_backslash, uniq_grinder
D:4:      minmay_wonky_spiral, layout_basic, uniq_natasha
D:5:      nicolae_BIG_FREAKIN_CUBE, layout_loops_ring, uniq_duvessa

Skill      XL: |  1  2  3  4  5  6  7 |
---------------+----------------------+-----
Armour         | 4 5 |  5.9
Fighting       | 4 5 |  5.1
Shields        | 4 |  4.9
Axes           | 3 4 5 6 |  6.6
Throwing       | 3 4 |  4.7

Action                     |  1- 3 |  4- 6 |  7- 9 || total
---------------------------+-------+-------+-------++-------
  Melee: War axe           |    64 |    78 |    43 ||   185
         Headbutt          |     5 |    17 |    11 ||    33
  Throw: Javelin           |     5 |     5 |       ||    10
         Boomerang         |       |    39 |       ||    39
    Use: Scroll            |       |     6 |       ||     6
         Potion            |       |       |     4 ||     4
 Armour: Scale mail        |    42 |    33 |    16 ||    91
  Dodge: Dodged            |    39 |    39 |    17 ||    95
  Block: Buckler           |    18 |    18 |     3 ||    39

Table legend: (Time is in decaauts)
 A = Elapsed time spent in this place.
 B = Non-inter-level travel time spent in this place.
 C = Inter-level travel time spent in this place.
 D = Time resting spent in this place.
 E = Time spent auto-exploring this place.
 F = Levels seen in this place.
 G = Mean time per level.
                   A        B        C        D        E       F      G
               +--------+--------+--------+--------+--------+-----+--------+
         Total |   3893 |   3702 |    191 |      0 |   3052 |   5 |  778.6 |
       Dungeon |   3893 |   3702 |    191 |      0 |   3052 |   5 |  778.6 |
               +--------+--------+--------+--------+--------+-----+--------+

Top non-repeatable levels by time:
     D:3: 980 daAuts
     D:4: 973 daAuts
     D:1: 875 daAuts
     D:2: 807 daAuts
     D:5: 256 daAuts
